 Dungeon Crawl Stone Soup version 0.31-a0-810-ga77100ea1a (webtiles) character file.

Game seed: 2433403898099822521

28 whermst the Stinger (level 3, 0/3 HPs)
             Began as a Djinni Fire Elementalist on Sept 21, 2023.
             Slain by a quokka (3 damage)
             ... on level 1 of the Dungeon.
             The game lasted 00:05:12 (1380 turns).

whermst the Stinger (Djinni Fire Elementalist)      Turns: 1380, Time: 00:05:12

Health: 0/3        AC:  1    Str: 17    XL:     3   Next: 27%
Gold:   37         EV:  8    Int: 18    God:
                   SH:  0    Dex: 13

rFire   + + .        c - melded +0 flail
rCold   x . .        (shield currently unavailable)
rNeg    . . .        a - melded +0 robe
rPois   ∞            (helmet currently unavailable)
rElec   .            (cloak currently unavailable)
rCorr   .            (gloves currently unavailable)
SInv    .            (boots unavailable)
Will    .....        (no amulet)
Stlth   ++           (no ring)
HPRegen 0.20/turn    (no ring)
MPRegen 0.00/turn

%: infuse magic (-1 HP)
@: short of breath, dragon-form, flying
A: dragon claw, dragon scales, breathe fire, flying, reduced hp, sickness
immunity, giant, (fire resistance 2), (cold vulnerability 1), float, innate
caster, HP casting, extra vitality 1
a: Breathe Fire, Begin Untransformation


You were on level 1 of the Dungeon.
You were a fearsome dragon!
You visited 1 branch of the dungeon, and saw 1 of its levels.

You collected 37 gold pieces.

Inventory:

Hand Weapons
 c - a +0 flail (melded)
Armour
 a - a +0 robe (melded)
 j - a +0 helmet
Talismans
 h - a dragon-blood talisman (active)
Scrolls
 b - a scroll of poison {unknown}
 e - a scroll of identify {unknown}
 f - a scroll of silence {unknown}
Potions
 d - a potion of mutation {unknown}
 g - a potion of curing {unknown}
 i - a potion of attraction {unknown}
 k - a potion of ambrosia {unknown}


   Skills:
 + Level 0.2 Fighting
 + Level 0.4 Maces & Flails
 + Level 2.8 Dodging
 + Level 1.9 Stealth
 + Level 3.0 Spellcasting
 + Level 3.0 Conjurations
 + Level 3.0 Hexes
 + Level 3.0 Summonings
 + Level 3.0 Necromancy
 + Level 3.0 Translocations
 + Level 3.0 Transmutations
 + Level 3.0 Fire Magic
 + Level 3.0 Ice Magic
 + Level 3.0 Air Magic
 + Level 3.0 Earth Magic
 + Level 3.0 Poison Magic


You knew the following spells:

 Your Spells              Type           Power      Damage    Failure   Level
a - Foxfire               Conj/Fire      52%        2x1d6     4%          1
b - Scorch                Fire           26%        2d6       7%          2
c - Volatile Blastmotes   Fire/Tloc      26%        2d12      14%         3
d - Inner Flame           Hex/Fire       13%        N/A       14%         3
e - Flame Wave            Conj/Fire      13%        2d6       43%         4
f - Shock                 Conj/Air       52%        1d6       4%          1
Your spell library was empty.

Dungeon Overview and Level Annotations

Branches:
Dungeon (1/15)

Altars:

Shops:
D:1 ?


Innate Abilities, Weirdness & Mutations

You are a fearsome dragon!
You have a powerful clawing attack.
Your giant scaled body is strong and resilient, but less evasive.
You can breathe fire.
You are flying.
Your maximum health is decreased, since you lack skill for your form.
Your armour is entirely melded.
You are incapable of wielding weapons or throwing items.
You are immune to sickness and miasma.
You are immune to poison.
((Your flesh is very heat resistant. (rF++)))
((You are vulnerable to cold. (rC-)))
You float through the air rather than walking.
You learn spells naturally, not from books.
Your magical power is your life essence.
You have superior vitality. (+4 MHP)


Message History

Done waiting.
You start waiting.
Done waiting.
You see here a rat skeleton.
A kobold comes into view. It is wielding a +0 short sword.
A kobold is nearby!
The kobold shouts!
You hear a shout!
Flames lash the kobold.
You kill the kobold!
You start resting.
HP restored.
You start waiting.
A goblin comes into view. It is wielding a +0 dagger.
A goblin is nearby!
You see here a +0 short sword.
Flames lash the goblin.
You kill the goblin!
You start resting.
HP restored.
You start waiting.
A rat comes into view.
You see here a +0 dagger.
You strike the helpless rat from behind!
You hit the rat.
You kill the rat!
You see here a rat corpse.
Found 12 gold pieces.
You now have 28 gold pieces (gained 12).
k - a murky brown potion You now have 37 gold pieces (gained 9).
A quokka comes into view.
A quokka is nearby!
You breathe a blast of fire.
The fiery breath hits the quokka.
The quokka is almost dead.
The quokka bites you but does no damage.
You hit the quokka but do no damage.
The quokka is almost dead.
The quokka bites you.
Ouch! That really hurt!
You die...

#..#######.###
#†##.# #..# #.
#.##.##### #..#
#. #.#.#.##...
#..# #.
#.###.#.....
#..# #####.##
## #.#.##.##
#..# .......
..##.##.##
######..#
###.#..#######.
#...... ~~~~##
.#...^.........
#.##.## ~~~~~#
..§...rD# ##
#.##.## ~~#~~#
...#.##.#
#.##.## ~○~~~#
#.# #......
~~~~~# #.#
#.##### ~~°~~#
#.# ##∩##
~~☼~~# #.# #
##'## ~#~~# #.#
#.##.##
~~~~~########
#.# #..†...
~~~~~#......#
#.# ####)##


You could see a quokka.

Vanquished Creatures
  4 bats (D:1)
  An endoplasm (D:1)
  4 goblins (D:1)
  4 hobgoblins (D:1)
  A quokka (D:1)
  3 ball pythons (D:1)
  2 frilled lizards (D:1)
  2 kobolds (D:1)
  5 rats (D:1)
26 creatures vanquished.

Vanquished Creatures (others)
  26 foxfires (D:1)
26 creatures vanquished.

Grand Total: 52 creatures vanquished

Notes
Turn   | Place    | Note
-------+----------+-------------------------------------------
     0 | D:1      | whermst the Djinni Fire Elementalist began the quest for
                  | the Orb.
     0 | D:1      | whermst set off with the following spells memorised:
                  | Foxfire, Scorch, Volatile Blastmotes, Inner Flame, Flame
                  | Wave.
     0 | D:1      | Reached XP level 1. HP: 15/15 MP: 0/0
   550 | D:1      | Reached XP level 2. HP: 21/21 MP: 0/0
   563 | D:1      | Found Woulyed's Magic Scroll Emporium.
   915 | D:1      | Reached XP level 3. HP: 18/25 MP: 0/0
   915 | D:1      | Learned a level 1 spell: Shock
  1380 | D:1      | Slain by a quokka

Illustrated notes

Levels and vault maps discovered:
D:1:      saegor_arrival_miasma, layout_loops_ring, serial_shops,
          nicolae_shop_tiny_glass, minmay_pentomino_o4

Skill      XL: | |
---------------+-+-----
Spellcasting   | |  3.0
Conjurations   | |  3.0
Hexes          | |  3.0
Summonings     | |  3.0
Necromancy     | |  3.0
Translocations | |  3.0
Transmutations | |  3.0
Fire Magic     | |  3.0
Ice Magic      | |  3.0
Air Magic      | |  3.0
Earth Magic    | |  3.0
Poison Magic   | |  3.0
Fighting       | |  0.2
Maces & Flails | |  0.4
Dodging        | |  2.8
Stealth        | |  1.9

Action                     || total
---------------------------++-------
  Melee: Flail             ||    33
         Unarmed           ||     3
   Cast: Foxfire           ||    16
         Scorch            ||    17
Ability: Breathe Fire      ||     1
   Stab: Distracted        ||     1
 Armour: Robe              ||    31
         Skin              ||     3
  Dodge: Dodged            ||    34
   Form: Dragon            ||     1

Table legend: (Time is in decaauts)
 A = Elapsed time spent in this place.
 B = Non-inter-level travel time spent in this place.
 C = Inter-level travel time spent in this place.
 D = Time resting spent in this place.
 E = Time spent auto-exploring this place.
 F = Levels seen in this place.
 G = Mean time per level.
                   A        B        C        D        E       F      G
               +--------+--------+--------+--------+--------+-----+--------+
         Total |   1392 |   1374 |     18 |    799 |    275 |   1 | 1392.0 |
       Dungeon |   1392 |   1374 |     18 |    799 |    275 |   1 | 1392.0 |
               +--------+--------+--------+--------+--------+-----+--------+

Top non-repeatable levels by time:
     D:1: 1392 daAuts
